 Dungeon Crawl Stone Soup version 0.32-a0-599-gba8f9cf90e (webtiles) character file.

Game seed: 15423472329746212078

745 cforsyth the Purveyor of Pain (level 7, -2/61 HPs)
             Began as a Mountain Dwarf Necromancer on Mar 2, 2024.
             Was an Initiate of Kikubaaqudgha.
             Slain by a hornet (4 damage)
             ... on level 5 of the Dungeon.
             The game lasted 00:07:06 (4809 turns).

cforsyth the Purveyor of Pain (MDNe)                Turns: 4809, Time: 00:07:06

Health: -2/61      AC:  6    Str: 10 (11) XL:     7   Next: 47%
Magic:  7/9        EV:  8    Int: 18 (20) God:    Kikubaaqudgha [......]
Gold:   239        SH:  0    Dex:  7 (10) Spells: 4/9 levels left

rFire   . . .        w - +11 mace of Temperance {vamp, rCorr Int+3}
rCold   . . .        (no shield)
rNeg    . . .        u - +0 scale mail
rPois   .            (no helmet)
rElec   .            (no cloak)
rCorr   +            (no gloves)
SInv    .            (no boots)
Will    .....        (no amulet) Stlth
                     (no ring)
HPRegen 0.30/turn    (no ring)
MPRegen 0.11/turn

%: no passive effects
@: invisible, very slow
A: runic magic, artefact enchanting
a: Renounce Religion


You were on level 5 of the Dungeon.
You worshipped Kikubaaqudgha.
Kikubaaqudgha was noncommittal.
You visited 2 branches of the dungeon, and saw 7 of its levels.

You collected 239 gold pieces.


Innate Abilities, Weirdness & Mutations

Your spellcasting is much less encumbered by armour.
You can use scrolls of enchantment on lesser artefacts.


   Skills:
 + Level 5.1 Fighting
 - Level 2.1(2.7) Axes
 + Level 2.5(3.0) Maces & Flails
 + Level 3.2 Armour
 - Level 1.3 Dodging
 - Level 1.4 Stealth
 - Level 1.7 Spellcasting
 + Level 7.0 Necromancy


You had 4 spell levels left.
You knew the following spells:

 Your Spells              Type           Power      Damage    Failure   Level
a - Animate Dead          Necr           26%        N/A       16%         4
X - Necrotise             Necr           100%       1d9       1%          1

Your spell library contained the following spells:

 Spells                   Type           Power      Damage    Failure   Level
 Vampiric Draining        Necr           26%        2d7       4%          3
 Lesser Beckoning         Tloc           2%         N/A       41%         2
 Dazzling Flash           Conj/Hex       2%         N/A       65%         3
 Frozen Ramparts          Ice            2%         1d1       65%         3
 Gell's Gravitas          Tloc           1%         N/A       65%         3
 Teleport Other           Tloc           1%         N/A       65%         3
 Volatile Blastmotes      Fire/Tloc      2%         2d10      65%         3
 Leda's Liquefaction      Alch/Erth      0%         N/A       96%         4
 Petrify                  Alch/Erth      1%         N/A       96%         4
 Curse of Agony           Necr           26%        N/A       41%         5
 Metabolic Englaciation   Hex/Ice        0%         N/A       100%        5
 Starburst                Conj/Fire      0%         6d3       100%        6
 Maxwell's Capacitive Co  Air            0%         ∞         100%        8

Inventory:

Hand Weapons
 c - a +4 dagger
 s - a +1 hand axe of electrocution
 w - the +11 mace of Temperance (weapon) {vamp, rCorr Int+3}
   (You found it on level 4 of the Dungeon)

   Int+3:     It affects your intelligence (+3).
   rCorr:     It protects you from acid and corrosion.
Missiles
 v - a throwing net {=f}
Armour
 a - a +2 pair of gloves
 l - a +0 helmet
 u - a +0 scale mail (worn)
Jewellery
 n - the ring "Donuguu" {Fire Int+3}
   (You took it off a goblin on level 2 of the Dungeon)

   [ring of fire]

   Fire:      It enhances your fire magic.
   Int+3:     It affects your intelligence (+3).
   rF+:       It protects you from fire.
   rC-:       It makes you vulnerable to cold.
 D - a +6 ring of dexterity
 R - a ring of resist corrosion
 W - a ring of willpower
Wands
 m - a wand of flame (21)
Scrolls
 d - a scroll of revelation {unknown}
 e - a scroll of torment {unknown}
 g - a scroll of summoning {unknown}
 h - 7 scrolls of identify {unknown}
 q - 2 scrolls of noise {unknown}
 t - a scroll of enchant weapon {unknown}
 x - a scroll of enchant armour {unknown}
 y - a scroll of fear {unknown}
Potions
 b - a potion of magic
 f - a potion of curing {unknown}
 i - a potion of might {unknown}
 k - a potion of attraction {unknown}
 p - a potion of resistance {unknown}
 r - a potion of cancellation {unknown}

Dungeon Overview and Level Annotations

Branches:
Dungeon (6/15)             Temple (1/1) D:4

Altars:
Ashenzari
Cheibriados
Dithmenos
Elyvilon
Fedhas
Gozag
Hepliaklqana
Kikubaaqudgha
Nemelex Xobeh
Okawaru
Ru
Trog
Vehumet
Xom
Yredelemnul

Shops:
D:4 :((

Annotations:
D:5 Edmund

#.#..... #.#.... .....
#...## #######....##
...$.....~.P##
).....P.@~~..# #######
......P~hWZ..### ##.....#
........~@≈....###..# #.#
.......~~y~.##.##...###.##
........P~..##.#.<....#.#.
......###.#.....#...#.#.#.
#.#.## #.#.##.#.###....#.
.... #.#.##.##.#.#..... ..
#.. ...# #.######. ###
#### ### #. #.


You could see Edmund, a hornet, a black bear, a phantom and a howler monkey
zombie.


Message History

Your howler monkey zombie is destroyed!
The howler monkey zombie hits you but does no damage.
Unknown command.
Your unstable footing causes you to fumble your attack.
The howler monkey zombie barely misses you.
The phantom hits you.
* * * LOW HITPOINT WARNING * * *
The hornet misses you.
The howler monkey zombie closely misses you.
The black bear bites you.
* * * LOW HITPOINT WARNING * * *
The black bear claws you.
* * * LOW HITPOINT WARNING * * *
The black bear splashes around in the water.
Unknown command.
It was a potion of invisibility.
You fade into invisibility!
The phantom hits you but does no damage.
The hornet closely misses you.
The howler monkey zombie splashes around in the water.
The black bear closely misses you.
The black bear splashes around in the water.
The black bear claws you.
* * * LOW HITPOINT WARNING * * *
It was a potion of degeneration.
There was something very wrong with that liquid.
You feel weakened.
You feel dopey.
You feel clumsy. The hornet stings you.
You die...
Kikubaaqudgha rasps: You have failed me!
Welcome... death!

Skill      XL: |  1  2  3  4  5  6  7 |
---------------+----------------------+-----
Fighting       | 1 2 3 4 5 |  5.1
Necromancy     | 5 6 7 |  7.0
Axes           | 1 2 |  2.1
Armour         | 1 2 3 |  3.2
Maces & Flails | 1 2 |  2.5
Dodging        | |  1.3
Stealth        | |  1.4
Spellcasting   | |  1.7

Action                     |  1- 3 |  4- 6 |  7- 9 || total
---------------------------+-------+-------+-------++-------
  Melee: Dagger            |    13 |       |       ||    13
         Mace              |       |    16 |    17 ||    33
         Hand axe          |       |    16 |       ||    16
   Cast: Necrotise         |    81 |    96 |       ||   177
         Animate Dead      |       |     1 |       ||     1
    Use: Potion            |       |       |     2 ||     2
 Armour: Robe              |    54 |    15 |       ||    69
         Scale mail        |       |    49 |    20 ||    69
  Dodge: Dodged            |    32 |    21 |    11 ||    64

Levels and vault maps discovered:
D:1:      spicycebolla_arrival_transporter_tutorial, layout_basic,
          dk_noncrumbling_3
D:2:      layout_loops_ring, basic_altar, uniq_jessica, uniq_robin
D:3:      layout_basic, overflow_temple_1_default
D:4:      layout_gridville, fedhas_altar_3, minmay_temple_entry_glass,
          serial_shops, shop, nicolae_shop_crystal,
          nicolae_shop_window_shopping, kennysheep_generic_room_10
D:5:      layout_loops_cross, serial_undead, serial_undead_d, serial_undead_f,
          serial_undead_b, serial_undead_a, abandoned_shop, uniq_edmund,
          uniq_pikel, uniq_prince_ribbit1, uniq_blork_the_orc
D:6:      layout_layer_cave, marbit_many_paths, uniq_sigmund
Temple:   minmay_temple_bridge_abc

Notes
Turn   | Place    | Note
-------+----------+-------------------------------------------
     0 | D:1      | cforsyth the Mountain Dwarf Necromancer began the quest for
                  | the Orb.
     0 | D:1      | Reached XP level 1. HP: 14/14 MP: 3/3
   163 | D:1      | Reached skill level 1 in Fighting
   252 | D:1      | Reached XP level 2. HP: 22/23 MP: 0/4
  1132 | D:2      | Reached skill level 2 in Fighting
  1179 | D:2      | Found a shadowy altar of Dithmenos.
  1183 | D:2      | Reached skill level 5 in Necromancy
  1183 | D:2      | Reached XP level 3. HP: 29/29 MP: 1/5
  1898 | D:2      | Noticed Robin
  2039 | D:2      | Killed Robin
  2040 | D:2      | Reached XP level 4. HP: 17/37 MP: 1/6
  2398 | D:2      | Identified the ring "Donuguu" {Fire Int+3}
  2461 | D:2      | Noticed Jessica
  2464 | D:2      | Killed Jessica
  2465 | D:2      | Reached skill level 3 in Fighting
  3073 | D:2      | Reached XP level 5. HP: 33/46 MP: 1/7
  3212 | D:3      | Noticed an ogre
  3220 | D:3      | Killed an ogre
  3221 | D:3      | Reached skill level 4 in Fighting
  3221 | D:3      | Reached skill level 1 in Axes
  3221 | D:3      | Reached skill level 1 in Armour
  3221 | D:3      | Reached skill level 6 in Necromancy
  3299 | D:3      | Found an iron altar of Okawaru.
  3693 | D:4      | Found Qofid's Weapon Shop.
  3722 | D:4      | Learned a level 4 spell: Animate Dead
  3751 | D:4      | Reached XP level 6. HP: 52/52 MP: 4/8
  3922 | D:4      | Found a blossoming altar of Fedhas.
  3979 | D:4      | Reached skill level 2 in Axes
  4008 | D:4      | Found Muicuor's Weapon Emporium.
  4176 | D:4      | Identified the +11 mace of Temperance {vamp, rCorr Int+3}
  4180 | D:4      | You fall into a shaft and drop 2 floors!
  4196 | D:5      | Entered Level 5 of the Dungeon
  4230 | D:5      | Reached skill level 2 in Armour
  4376 | D:4      | Found Peonasub's Book Boutique.
  4413 | D:4      | Found a staircase to the Ecumenical Temple.
  4466 | Temple   | Entered the Ecumenical Temple
  4492 | Temple   | Became a worshipper of Kikubaaqudgha
  4621 | D:4      | Reached skill level 1 in Maces & Flails
  4785 | D:5      | Reached XP level 7. HP: 54/60 MP: 4/9
  4793 | D:5      | Reached skill level 2 in Maces & Flails
  4799 | D:5      | Reached skill level 5 in Fighting
  4799 | D:5      | Reached skill level 3 in Armour
  4801 | D:5      | Reached skill level 7 in Necromancy
  4802 | D:5      | Noticed Edmund
  4805 | D:5      | Noticed a hornet
  4807 | D:5      | HP: 5/61 [black bear (4)]
  4807 | D:5      | HP: 2/61 [black bear (3)]
  4809 | D:5      | Slain by a hornet

Vanquished Creatures
  A phantom (D:4)
  A bullfrog (D:5)
  A scorpion (D:5)
  A wyvern skeleton (D:5)
  A water moccasin skeleton (D:5)
  2 howler monkeys
  An orc priest (D:2)
  A jelly (D:4)
  A sleepcap (D:5)
  Jessica (D:2)
  An orc wizard (D:4)
  Robin (D:2)
  A howler monkey zombie (D:5)
  2 adders
  2 ufetubi (D:4)
  A dart slug (D:1)
  11 orcs
  5 endoplasms
  2 giant cockroaches (D:2)
  14 goblins
  12 hobgoblins
  4 quokkas
  7 ball pythons
  11 bats
  4 frilled lizards
  6 kobolds
  2 rats (D:3)
97 creatures vanquished.

Vanquished Creatures (collateral kills)
  An ogre (D:3)
  A kobold (D:1)
2 creatures vanquished.

Vanquished Creatures (others)
  A bullfrog zombie (D:5)
  A scorpion zombie (D:5)
  A howler monkey zombie (D:5)
3 creatures vanquished.

Grand Total: 102 creatures vanquished

Table legend: (Time is in decaauts)
 A = Elapsed time spent in this place.
 B = Non-inter-level travel time spent in this place.
 C = Inter-level travel time spent in this place.
 D = Time resting spent in this place.
 E = Time spent auto-exploring this place.
 F = Levels seen in this place.
 G = Mean time per level.
                   A        B        C        D        E       F      G
               +--------+--------+--------+--------+--------+-----+--------+
         Total |   4830 |   4580 |    250 |    336 |   3477 |   7 |  690.0 |
       Dungeon |   4778 |   4578 |    200 |    336 |   3477 |   6 |  796.3 |
        Temple |     52 |      3 |     49 |      0 |      0 |   1 |   52.0 |
               +--------+--------+--------+--------+--------+-----+--------+

Top non-repeatable levels by time:
     D:2: 1541 daAuts
     D:1: 1314 daAuts
     D:4: 913 daAuts
     D:3: 843 daAuts
     D:5: 149 daAuts
  Temple: 52 daAuts
     D:6: 15 daAuts

Table legend:
 A = Non-vault XP
 B = Vault XP
 C = Vault XP percentage of total XP
 D = Non-vault monster count
 E = Vault monster count
 F = Vault count percentage of total count
                 A         B        C        D         E       F
            +---------+---------+-------+---------+---------+-------
      Total |     836 |     229 |  21.5 |      84 |      15 |  15.2
            +---------+---------+-------+---------+---------+-------
        D:1 |      34 |       0 |   0.0 |      22 |       0 |   0.0
        D:2 |     103 |      73 |  41.5 |      26 |      12 |  31.6
        D:3 |     162 |       0 |   0.0 |      15 |       0 |   0.0
        D:4 |     277 |       0 |   0.0 |      17 |       0 |   0.0
        D:5 |     260 |     156 |  37.5 |       4 |       3 |  42.9
            +---------+---------+-------+---------+---------+-------
